 Dungeon Crawl Stone Soup version 0.19.1-1-g22dce08 (webtiles) character file.

72 Alarkh the Chopper (level 4, 0/35 HPs)
             Began as a Demonspawn Monk on Jan 7, 2017.
             Slain by a gnoll (6 damage)
             ... on level 2 of the Dungeon.
             The game lasted 00:01:22 (1781 turns).

Alarkh the Chopper (Demonspawn Monk)                Turns: 1781, Time: 00:01:23

Health: 0/35       AC:  7    Str: 12    XL:     4   Next: 6%
Magic:  0/4        EV: 13    Int: 12    God:
Gold:   100        SH:  0    Dex: 15    Spells: 0 memorised, 3 levels left

rFire  . . .     SeeInvis .     a - +0 hand axe
rCold  . . .     Gourm    .     b - +0 robe
rNeg   . . .     Faith    .     (no shield)
rPois  .         Spirit   +     d - +0 helmet
rElec  .         Reflect  .     (no cloak)
rCorr  .         Harm     .     (no gloves)
MR     .....                    k - +0 pair of boots
Stlth  ++........               (no amulet)
                                (no ring)
                                q - ring of flight

@: no status effects
A: thin metallic scales 2, magic shield
a: Evoke Flight


You were on level 2 of the Dungeon.
You were not hungry.

You visited 1 branch of the dungeon, and saw 3 of its levels.

You collected 100 gold pieces.

Inventory:

Hand Weapons
 a - a +0 hand axe (weapon)
Armour
 b - a +0 robe (worn)
 d - a +0 helmet (worn)
 k - a +0 pair of boots (worn)
Jewellery
 q - a ring of flight (left hand)
Scrolls
 h - 2 scrolls of remove curse {unknown}
 i - 3 scrolls of identify {unknown}
 n - 2 scrolls of magic mapping {unknown}
 p - a scroll of recharging {unknown}
Potions
 e - a potion of curing
 j - a potion of might {unknown}
 m - a potion of brilliance {unknown}
 o - a potion of mutation {unknown}
Comestibles
 c - 2 bread rations
 f - a meat ration
 g - a royal jelly
 l - a chunk of flesh
 r - 3 fruits


   Skills:
 - Level 3.0 Fighting
 + Level 4.5 Axes
 - Level 2.6 Dodging
 - Level 1.7 Stealth


You had 3 spell levels left.
You didn't know any spells.

Dungeon Overview and Level Annotations

Branches:
Dungeon (3/15)

Altars:


Innate Abilities, Weirdness & Mutations

You are mostly covered in thin metallic scales. (AC +3)
When hurt, damage is shared between your health and your magic reserves.


Message History

You feel stronger.
Your demonic ancestry asserts itself...
You feel your magical essence form a protective shroud around your flesh.
You hit the gnoll but do no damage.
The gnoll is heavily wounded.
The gnoll hits you!
* * * LOW HITPOINT WARNING * * *
The gnoll closely misses you.
You hit the gnoll.
The gnoll is almost dead.
The gnoll misses you.
You hit the gnoll.
The gnoll is almost dead.
The gnoll hits you but does no damage.
You closely miss the gnoll.
The gnoll is almost dead.
The gnoll misses you.
You barely miss the gnoll.
The gnoll is almost dead.
The gnoll hits you!
You die...

#.##.# #.# #.# #.##.#
#.# #.# ##.##.# #.#
#.# #.....# #.# #.#
#.....# #.# #.#
#.....# #.# #.#
#.....# #.# #.#
##.##.############ #.#
#.# ...............g@#
#.# #.#
##.##.#.########## #.#
#.# #.##.#.### #.# #.#
##.##.....# #.# #.#
<#.##.....# #.# #.#
.#.##.....# #.# #.#
.#.##.#'### #.# #.#
.#.##.#.# #.# #.#
.#.##.#.############.#
#.#


You could see a gnoll.

Vanquished Creatures
  A gnoll (D:2)
  2 adders (D:2)
  An ooze (D:1)
  A worm (D:2)
  3 dart slugs
  2 leopard geckos
  A ball python (D:2)
  5 bats
  A goblin (D:2)
  2 hobgoblins
  5 frilled lizards
  7 kobolds
  4 rats
35 creatures vanquished.

Notes
Turn   | Place    | Note
-------+----------+-------------------------------------------
     0 | D:1      | Alarkh the Demonspawn Monk began the quest for the Orb.
     0 | D:1      | Reached XP level 1. HP: 18/18 MP: 1/1
   133 | D:1      | Reached skill level 3 in Axes
   196 | D:1      | Gained mutation: You are partially covered in thin metallic scales. (AC +2) [demonic ancestry]
   196 | D:1      | Reached XP level 2. HP: 22/24 MP: 2/2
   622 | D:2      | Gained mutation: You are mostly covered in thin metallic scales. (AC +3) [demonic ancestry]
   622 | D:2      | Reached XP level 3. HP: 23/29 MP: 3/3
  1013 | D:2      | Reached skill level 4 in Axes
  1776 | D:2      | Gained mutation: When hurt, damage is shared between your health and your magic reserves. [demonic ancestry]
  1776 | D:2      | Reached XP level 4. HP: 11/35 MP: 4/4
  1781 | D:2      | Slain by a gnoll

Skill      XL: |  1  2  3 |
---------------+----------+-----
Axes           | 3 4 |  4.5
Fighting       | |  3.0
Dodging        | |  2.6
Stealth        | |  1.7

Action                   |  1- 3 |  4- 6 || total
-------------------------+-------+-------++-------
Melee: Hand axe          |   144 |     5 ||   149
  Use: Potion            |     1 |       ||     1
 Stab: Sleeping          |     4 |       ||     4
  Eat: Chunk             |     3 |       ||     3
Armor: Robe              |    41 |     1 ||    42
Dodge: Dodged            |   127 |     3 ||   130
